 Dungeon Crawl Stone Soup version 0.23.0 (webtiles) character file.

Game seed: 17767229298268629990

7612 loopi the Basher (level 11, -7/105 HPs)
             Began as an Ogre Hunter on Feb 19, 2019.
             Was an Elder of Okawaru.
             Mangled by an elephant (17 damage)
             ... on level 11 of the Dungeon.
             The game lasted 00:59:53 (13125 turns).

loopi the Basher (Ogre Hunter)                     Turns: 13125, Time: 00:59:54

Health: -7/105     AC:  7    Str: 21    XL:     11   Next: 18%
Magic:  14/14      EV: 12    Int: 17    God:    Okawaru [****..]
Gold:   471        SH:  0    Dex:  9    Spells: 10/10 levels left

rFire    . . .     SeeInvis .   V - +0 giant club
rCold    . . .     Gourm    .   (shield currently unavailable)
rNeg     + . .     Faith    .   E - +0 troll leather armour
rPois    .         Spirit   .   (helmet restricted)
rElec    .         Reflect  .   U - scarf {cloud immunity}
rCorr    .         Harm     .   (gloves unavailable)
MR       +....                  (boots unavailable)
Stlth    +++.......             (no amulet)
HPRegen  0.67/turn              j - +1 ring of protection
MPRegen  0.14/turn              G - ring of positive energy

@: brilliant, heroism
A: large, unfitting armour, tough skin 1
a: Heroism, Renounce Religion


You were on level 11 of the Dungeon.
You worshipped Okawaru.
Okawaru was greatly pleased with you.
You were not hungry.

You visited 2 branches of the dungeon, and saw 10 of its levels.

You collected 471 gold pieces.

Inventory:

Hand Weapons
 v - a +0 hunting sling
 x - a +4 vampiric hand axe
 C - a +2 flail of protection
 D - a +1 flail of holy wrath
 M - a +2 dagger of venom
 R - a +4 morningstar
 S - a +3 short sword of freezing
 V - a +0 giant club (weapon)
 X - a +0 giant spiked club
 Y - a +1 flail of crushing
 Z - a +0 blowgun
Missiles
 g - 50 poisoned needles
 l - 383 stones (quivered)
 q - 16 bolts
 A - 8 poisoned tomahawks
 H - 8 tomahawks
 J - 8 needles of frenzy
 P - 47 sling bullets
Armour
 c - a +0 large shield
 n - a scarf of spirit shield
 E - a +0 troll leather armour (worn)
 U - a scarf of cloud immunity (worn)
Magical Staves
 T - an uncursed staff of fire
Jewellery
 h - an uncursed ring of flight
 j - a +1 ring of protection (left hand)
 u - an uncursed ring of fire
 z - an uncursed amulet of harm
 G - a ring of positive energy (right hand)
 I - an uncursed amulet of regeneration
 O - an uncursed ring of wizardry
Wands
 w - a wand of iceblast (5)
 F - a wand of flame (12)
 N - a wand of polymorph (13)
Potions
 B - 2 potions of flight
Comestibles
 f - 17 rations


   Skills:
 - Level 6.2(11.2) Fighting
 - Level 1.2(13.6) Axes
 - Level 12.0(17.0) Maces & Flails
 - Level 5.1(10.1) Throwing
 - Level 2.1(7.1) Armour
 - Level 2.0(7.0) Dodging
 - Level 0.6(5.6) Stealth
 + Level 5.4(10.4) Shields
 - Level 5.3 Invocations
 - Level 1.2 Evocations


You had 10 spell levels left.
You didn't know any spells.
Your spell library was empty.

Dungeon Overview and Level Annotations

Branches:
Dungeon (8/15)             Temple (1/1) D:4            Lair (0/6) D:11

Altars:
Ashenzari
Cheibriados
Dithmenos
Elyvilon
Fedhas
Gozag
Hepliaklqana
Kikubaaqudgha
Makhleb
Nemelex Xobeh
Okawaru
Qazlal
Ru
Sif Muna
Trog
Uskayaw
Vehumet
Wu Jian
Xom
Yredelemnul
Zin
The Shining One

Annotations:
D:7 exclusion: downstairs
D:11 Snorg


Innate Abilities, Weirdness & Mutations

You are too large for most types of armour.
You have tough skin. (AC +1)


Message History

Aim: a crocodile You throw a large rock.
The large rock hits the crocodile!!
You kill the crocodile!
Okawaru accepts your kill. The elephant tramples you!
* * * LOW HITPOINT WARNING * * *
You stumble backwards!
You hit the elephant but do no damage.
It was a potion of brilliance.
You feel clever all of a sudden. The elephant barely misses you. x2
You see here a scroll of random uselessness.
The elephant tramples you!
* * * LOW HITPOINT WARNING * * *
You hold your ground!
The elephant trunk-slaps you but does no damage.
You bludgeon the elephant!!
The elephant is moderately wounded.
The elephant tramples you!
You die...

......# ###÷# ##
....## ..#÷# #.#
#..# #.#.# #.# ##.
#.#.##.# # #.#.#.#
...###.#..###...
#......?.....#
..#######....#.###
.......@Y.....#.#
.#########...###.#
##.## ## #.# #.#
#+#


You could see an elephant.

Vanquished Creatures
  Harold (D:8)
  A hydra (D:11)
  A moth of wrath (D:8)
  A hornet (D:8)
  A slime creature (D:7)
  Grinder (D:6)
  A hippogriff (shapeshifter) (D:8)
  Sigmund (D:4)
  7 yaks (D:11)
  Edmund (D:4)
  A hungry ghost (D:7)
  A sky beast (D:7)
  3 orc warriors
  A phantom (D:8)
  3 ice beasts
  3 ogres
  A centaur (D:6)
  2 crocodiles (D:11)
  3 big kobolds (D:8)
  5 bullfrogs
  A gnoll sergeant (D:5)
  2 scorpions
  4 killer bees (D:8)
  4 wights (D:7)
  2 crimson imps
  A bullfrog zombie (D:7)
  4 orc priests
  4 hounds
  4 jellies
  2 bullfrog skeletons (D:7)
  5 iguanas
  5 worker ants
  7 orc wizards
  A hound skeleton (D:4)
  A howler monkey zombie (D:7)
  A worker ant zombie (D:7)
  Robin (D:2)
  16 gnolls
  11 adders
  2 shadow imps
  An ooze (D:4)
  6 worms
  3 dart slugs
  2 leopard geckos
  39 orcs
  A ball python (D:3)
  9 bats
  5 giant cockroaches
  16 goblins
  12 hobgoblins
  4 jackals
  6 quokkas
  11 frilled lizards
  A jackal skeleton (D:5)
  18 kobolds
  A quokka zombie (D:8)
  10 rats
262 creatures vanquished.

Notes
Turn   | Place    | Note
-------+----------+-------------------------------------------
     0 | D:1      | loopi the Ogre Hunter began the quest for the Orb.
     0 | D:1      | Reached XP level 1. HP: 22/22 MP: 1/1
   234 | D:1      | Reached XP level 2. HP: 23/32 MP: 2/2
  1071 | D:1      | Reached XP level 3. HP: 38/40 MP: 3/3
  1318 | D:2      | Reached skill level 5 in Fighting
  1980 | D:2      | Reached XP level 4. HP: 50/50 MP: 4/4
  2256 | D:2      | Found a shadowy altar of Dithmenos.
  3717 | D:3      | Reached XP level 5. HP: 59/59 MP: 5/5
  4028 | D:2      | Reached skill level 5 in Throwing
  4797 | D:3      | Noticed Robin
  4969 | D:2      | Killed Robin
  5137 | D:3      | Found a stormy altar of Qazlal.
  5191 | D:3      | Reached skill level 1 in Maces & Flails
  5191 | D:3      | Reached XP level 6. HP: 67/67 MP: 6/6
  5861 | D:4      | Found a staircase to the Ecumenical Temple.
  5880 | Temple   | Entered the Ecumenical Temple
  5984 | Temple   | Became a worshipper of Warmaster Okawaru
  6064 | D:4      | Noticed Edmund
  6068 | D:4      | Killed Edmund
  6068 | D:4      | Reached skill level 1 in Axes
  6068 | D:4      | Reached skill level 2 in Maces & Flails
  6068 | D:4      | Reached skill level 1 in Invocations
  6068 | D:4      | Reached skill level 1 in Evocations
  6094 | D:4      | Noticed Sigmund
  6130 | D:4      | Noticed an orc warrior
  6568 | D:4      | Killed an orc warrior
  6568 | D:4      | Reached XP level 7. HP: 23/75 MP: 7/7
  6768 | D:4      | Reached * piety under Okawaru
  6768 | D:4      | Reached skill level 3 in Maces & Flails
  7273 | D:4      | Killed Sigmund
  7273 | D:4      | Reached XP level 8. HP: 83/83 MP: 6/11
  7422 | D:5      | Entered Level 5 of the Dungeon
  7722 | D:5      | Reached skill level 5 in Invocations
  7754 | D:5      | Reached ** piety under Okawaru
  7754 | D:5      | Reached skill level 4 in Maces & Flails
  8028 | D:5      | Reached skill level 5 in Maces & Flails
  8856 | D:6      | Reached skill level 6 in Maces & Flails
  9138 | D:6      | Reached XP level 9. HP: 63/89 MP: 12/12
  9419 | D:6      | Noticed Grinder
  9427 | D:6      | Killed Grinder
  9427 | D:6      | Reached skill level 7 in Maces & Flails
  9899 | D:7      | Reached skill level 8 in Maces & Flails
 10128 | D:7      | Reached *** piety under Okawaru
 10457 | D:7      | Reached skill level 9 in Maces & Flails
 11177 | D:7      | Reached XP level 10. HP: 41/98 MP: 11/13
 11562 | D:8      | Noticed a manticore
 11825 | D:8      | Received a gift from Okawaru
 11843 | D:8      | Reached skill level 10 in Maces & Flails
 12156 | D:8      | Noticed Harold
 12172 | D:8      | Killed Harold
 12176 | D:8      | Reached **** piety under Okawaru
 12176 | D:8      | Reached skill level 11 in Maces & Flails
 12554 | D:8      | Noticed a moth of wrath
 12554 | D:8      | a manticore changed into a moth of wrath
 12562 | D:8      | Killed a moth of wrath
 12780 | D:8      | Reached skill level 12 in Maces & Flails
 12801 | D:8      | You fall through a shaft for 3 floors!
 12813 | D:11     | Reached skill level 1 in Shields
 12817 | D:11     | Noticed a five-headed hydra
 12829 | D:11     | Killed a five-headed hydra
 12829 | D:11     | Received a gift from Okawaru
 12829 | D:11     | Reached XP level 11. HP: 64/105 MP: 14/14
 12853 | D:11     | Reached skill level 5 in Shields
 13079 | D:11     | Found a staircase to the Lair.
 13080 | D:11     | Noticed Snorg
 13125 | D:11     | Mangled by an elephant

Skill      XL: |  1  2  3  4  5  6  7  8  9 10 11 |
---------------+----------------------------------+-----
Fighting       | 3 4 5 6 |  6.2
Dodging        | 2 |  2.0
Throwing       | 5 |  5.1
Maces & Flails | 1 2 3 6 9 12 | 12.0
Axes           | 1 |  1.2
Invocations    | 1 4 5 |  5.3
Evocations     | 1 |  1.2
Armour         | 2 |  2.1
Shields        | 4 5 |  5.4
Stealth        | |  0.6

Action                   |  1- 3 |  4- 6 |  7- 9 | 10-12 || total
-------------------------+-------+-------+-------+-------++-------
Melee: Short sword       |   166 |   273 |       |       ||   439
       Unarmed           |       |    10 |       |       ||    10
       Flail             |       |    20 |   421 |   223 ||   664
       Punch             |       |       |     8 |     3 ||    11
       Dagger            |       |       |       |     8 ||     8
       Giant club        |       |       |       |    15 ||    15
Throw: Large rock        |     4 |    17 |    10 |     3 ||    34
       Throwing net      |       |     3 |       |       ||     3
       Stone             |       |       |       |    10 ||    10
       Tomahawk          |       |       |       |     5 ||     5
Invok: Heroism           |       |       |    11 |     7 ||    18
Evoke: Wand              |       |       |     6 |     9 ||    15
  Use: Scroll            |       |    12 |     9 |     7 ||    28
       Potion            |       |     3 |     2 |    12 ||    17
 Stab: Sleeping          |     3 |     2 |       |       ||     5
  Eat: Chunk             |     3 |    12 |    16 |     4 ||    35
       Ration            |       |     1 |       |     1 ||     2
Armor: Robe              |    55 |   109 |       |       ||   164
       Skin              |       |    16 |       |    45 ||    61
       Troll leather arm |       |     8 |   205 |    66 ||   279
Dodge: Dodged            |   107 |   197 |   251 |    97 ||   652
